 Dungeon Crawl Stone Soup version 0.28.0 (webtiles) character file.

Game seed: 3876101035673273507

401 hikkokomori the Skirmisher (level 6, -1/56 HPs)
             Began as a Hill Orc Fighter on Feb 8, 2022.
             Killed from afar by a steam dragon (16 damage)
             ... with a ball of steam
             ... on level 4 of the Dungeon.
             The game lasted 00:05:02 (3285 turns).

hikkokomori the Skirmisher (Hill Orc Fighter)       Turns: 3285, Time: 00:05:02

Health: -1/56      AC: 13    Str: 21    XL:     6   Next: 85%
Magic:  6/6        EV:  6    Int:  8    God:
Gold:   195        SH:  4    Dex: 10    Spells: 5/5 levels left

rFire   . . .      SeeInvis .   a - +0 war axe
rCold   . . .      Faith    .   c - +0 buckler
rNeg    . . .      Spirit   .   f - +0 plate armour
rPois   .          Reflect  .   m - +0 helmet
rElec   .          Harm     .   (no cloak)
rCorr   .          Rampage  .   (no gloves)
Will    .....                   (no boots)
Stlth   ..........              (no amulet)
HPRegen 0.18/turn               (no ring)
MPRegen 0.10/turn               (no ring)

@: no status effects
A: no striking features
a: no special abilities


You were on level 4 of the Dungeon.
You visited 1 branch of the dungeon, and saw 4 of its levels.

You collected 195 gold pieces.

Inventory:

Hand Weapons
 a - a +0 war axe (weapon)
Missiles
 r - 29 arrows
Armour
 b - a +0 scale mail
 c - a +0 buckler (worn)
 e - a +0 chain mail
 f - a +0 plate armour (worn)
 m - a +0 helmet (worn)
Wands
 j - a wand of acid (1)
Scrolls
 i - 4 scrolls of identify {unknown}
 k - a scroll of noise {unknown}
 l - a scroll of amnesia {unknown}
 o - a scroll of enchant weapon {unknown}
Potions
 d - a potion of cancellation {unknown}
 g - a potion of flight {unknown}
 h - a potion of mutation {unknown}
 n - a potion of degeneration {unknown}
 p - a potion of lignification {unknown}
 q - a potion of brilliance {unknown}


   Skills:
 + Level 5.4 Fighting
 + Level 5.2 Axes
 + Level 4.9 Armour
 + Level 4.9 Shields


You had 5 spell levels left.
You didn't know any spells.
Your spell library contained the following spells:

 Spells                   Type           Power      Damage    Failure   Level
 Summon Small Mammal      Summ           0%         N/A       100%        1
 Call Canine Familiar     Summ           0%         N/A       100%        3
 Summon Guardian Golem    Hex/Summ       0%         N/A       100%        3
 Cause Fear               Hex            0%         N/A       100%        4
 Dragon Form              Tmut           0%         N/A       100%        7
 Dragon's Call            Summ           0%         N/A       100%        9


Dungeon Overview and Level Annotations

Branches:
Dungeon (4/15)
 Temple: D:4-7

Altars:
Gozag

Annotations:
D:3 3 runed translucent doors, ragingrage's ghost, amateur MiBe


Message History

Aim: a steam dragon (71% to hit)
The bolt of acid misses the scorpion.
The bolt of acid hits the steam dragon.
The steam dragon is lightly wounded.
The scorpion stings you.
Aiming: Corrosive Bolt
Press: ? - help, Shift-Dir - straight line, p - steam dragon The bolt of acid misses the scorpion.
The bolt of acid misses the steam dragon.
The scorpion stings you.
The scorpion stings you but does no damage.
Unknown command.
Aiming: Corrosive Bolt
Press: ? - help, Shift-Dir - straight line, f - steam dragon
Aim: a steam dragon (lightly wounded, 71% to hit)
The bolt of acid hits the scorpion!
The acid corrodes the scorpion!
The scorpion is heavily wounded.
The bolt of acid hits the steam dragon!
The steam dragon is heavily wounded.
The scorpion stings you.
You hit the scorpion.
The scorpion is almost dead.
The scorpion stings you but does no damage.
You slash the scorpion!
You kill the scorpion!
The steam dragon breathes steam at you. The ball of steam hits you!
You are engulfed in a cloud of scalding steam.
The steam dragon bites you but does no damage.
The steam dragon claws you but does no damage.
You barely miss the steam dragon.
The steam dragon is heavily wounded.
You are engulfed in a cloud of scalding steam.
* * * LOW HITPOINT WARNING * * *
The steam dragon closely misses you. The steam dragon barely misses you. x2
You block the steam dragon's attack.
You completely miss the steam dragon.
The steam dragon is heavily wounded.
The steam dragon breathes steam at you. The ball of steam hits you!
You die...

######........
..<......####.#
#.###....# #.# #.#'##
#.# #.#.# #.# #####.#
#.# ...## #.#####.#
##### ....#
##....#.####.....# ...##
##..§'.§.@D......
....######..#.###.§....#
.[...#.# ####.# .§....#
........ #.# ......#
........ #.# ......#
........ #.# ......#
.....# ..# ......#
....## ### ### ......#
...## ##.#


You could see a steam dragon (catching breath).

Vanquished Creatures
  A black bear (D:4)
  A scorpion (D:4)
  2 jellies (D:4)
  An orc priest (D:4)
  7 adders
  An ufetubus (D:4)
  5 dart slugs
  10 orcs (D:4)
  6 ball pythons
  9 endoplasms
  3 giant cockroaches
  10 goblins
  3 hobgoblins
  3 quokkas
  5 bats
  6 frilled lizards
  10 kobolds
  3 rats
86 creatures vanquished.

Notes
Turn   | Place    | Note
-------+----------+-------------------------------------------
     0 | D:1      | hikkokomori the Hill Orc Fighter began the quest for the
                  | Orb.
     0 | D:1      | Reached XP level 1. HP: 19/19 MP: 1/1
   180 | D:1      | Reached XP level 2. HP: 23/27 MP: 2/2
   570 | D:1      | Reached XP level 3. HP: 33/33 MP: 3/3
  1270 | D:2      | Reached XP level 4. HP: 40/40 MP: 4/4
  1662 | D:2      | Found a faded altar of an unknown god.
  2212 | D:3      | Found a runed translucent gate.
  2212 | D:3      | Found a runed translucent gate.
  2214 | D:3      | Found a runed translucent gate.
  2215 | D:3      | Found an opulent altar of Gozag.
  2217 | D:3      | Noticed ragingrage's ghost (amateur MiBe)
  2217 | D:3      | Noticed a black bear
  2645 | D:4      | Reached XP level 5. HP: 34/47 MP: 5/5
  3027 | D:4      | Reached skill level 5 in Fighting
  3027 | D:4      | Reached XP level 6. HP: 36/56 MP: 6/6
  3248 | D:4      | Noticed a black bear
  3253 | D:4      | Killed a black bear
  3254 | D:4      | Reached skill level 5 in Axes
  3276 | D:4      | Noticed a steam dragon
  3285 | D:4      | Killed from afar by a steam dragon

Illustrated notes

Levels and vault maps discovered:
D:1:      dpeg_arrival_boxes_within_box, layout_rooms,
          nicolae_figureground_pulse
D:2:      layout_loops_ring, basic_ecumenical_altar, kennysheep_cluttered_room,
          solitary_fountain, hangedman_feature_mirror, minmay_crystal_water
D:3:      layout_loops_ring, ebering_ghost_gozag
D:4:      layout_basic, skrybe_limestone_x, nicolae_figureground_sparkle

Skill      XL: |  1  2  3  4  5  6 |
---------------+-------------------+-----
Axes           | 3 4 5 |  5.2
Fighting       | 4 5 |  5.4
Armour         | 4 |  4.9
Shields        | 4 |  4.9

Action                   |  1- 3 |  4- 6 || total
-------------------------+-------+-------++-------
Melee: War axe           |    97 |   121 ||   218
Evoke: Wand              |       |     4 ||     4
  Use: Potion            |       |     1 ||     1
Armor: Scale mail        |    10 |       ||    10
       Chain mail        |    29 |       ||    29
       Plate armour      |    28 |    84 ||   112
Dodge: Dodged            |    22 |    41 ||    63
Block: Buckler           |    20 |    24 ||    44
